 Dungeon Crawl Stone Soup version 0.30-a0-241-g1121274140 (webtiles) character file.

Game seed: 14085323204038683816

169649 ryw the Warrior (level 17, -11/144 HPs)
             Began as a Demonspawn Monk on Oct 9, 2022.
             Was the Champion of Okawaru.
             Killed from afar by a nagaraja (23 damage)
             ... with a poison arrow
             ... on level 4 of the Snake Pit on Oct 10, 2022.
             The game lasted 01:30:57 (33899 turns).

ryw the Warrior (Demonspawn Monk)                  Turns: 33899, Time: 01:30:58

Health: -11/144    AC: 26    Str: 20    XL:     17   Next: 35%
Magic:  0/25       EV: 34    Int: 14    God:    Okawaru [******]
Gold:   1818       SH:  4    Dex: 36    Spells: 24/27 levels left

rFire   + + .      SeeInvis +    a - +12 dagger of Prescription {venom, rF+ Dex+3}
rCold   x . .      Faith    .    (no shield)
rNeg    . . .      Spirit   +    f - +1 steam dragon scales
rPois   .          Reflect  .    Q - +2 hat of the Harvest {Contam Drain Str+7 Dex+2}
rElec   .          Harm     .    Y - +2 cloak {Stlth+}
rCorr   .          Rampage  .    K - +1 pair of gloves {Stlth+}
Will    +....      NoTele   +    J - +0 pair of boots of Ignis, Muttering {Dex+3 SInv} Stlth *+++++++++
                                 O - amulet of guardian spirit
HPRegen 0.44/turn                A - ring of Conversion {Fire Dex+4 Slay+2}
MPRegen 0.19/turn                P - +4 ring of slaying

@: lethally poisoned (-11 -> -61), heroic, untranslocatable, slowed,
constricted, studying Earth Magic, very slow
A: thin skeletal structure 2, (demonic guardian 2), icemail 2, condensation
shield, demonic touch 2, horns 1
a: Renounce Religion, Heroism, Finesse, Duel


You were on level 4 of the Snake Pit.
You worshipped Okawaru.
Okawaru was exalted by your worship.
You visited 5 branches of the dungeon, and saw 27 of its levels.
You also visited: Ice Cave.

You collected 3682 gold pieces.
You spent 1864 gold pieces at shops.

Inventory:

Hand Weapons
 a - the +12 dagger of Prescription (weapon) {venom, rF+ Dex+3}
   (You found it on level 7 of the Dungeon)

   It poisons the flesh of those it strikes.
   Dex:       It affects your dexterity (+3).
   rF:        It protects you from fire.
 b - the +4 arbalest "Garuaril" {penet, rCorr}
   (You bought it in a shop on level 11 of the Dungeon)

   Any ammunition fired by it passes through the targets it hits, potentially
   hitting all targets in its path until it reaches maximum range.
   rCorr:     It protects you from acid and corrosion.
 I - the +10 flail of the Head {freeze, Dex+6}
   (You found it on level 12 of the Dungeon)

   It freezes those it strikes, dealing additional cold damage.
   It can also slow down cold-blooded creatures.
   Dex:       It affects your dexterity (+6).
Missiles
 e - 9 atropa-tipped darts
 r - a throwing net
 B - 5 datura-tipped darts
Armour
 f - +1 steam dragon scales (worn)
 g - a +2 buckler of cold resistance
 j - the +3 ring mail "Ukusiac" {rC++}
   (Okawaru gifted it to you on level 4 of the Snake Pit)

   rC:        It greatly protects you from cold.
 J - the +0 pair of boots of Ignis, Muttering (worn) {Dex+3 SInv}
   (You bought it in a shop on level 13 of the Dungeon)

   Dex:       It affects your dexterity (+3).
   SInv:      It lets you see invisible.
 K - a +1 pair of gloves of stealth (worn)
 Q - the +2 hat of the Harvest (worn) {Contam Drain Str+7 Dex+2}
   (Okawaru gifted it to you on level 1 of the Lair of Beasts)

   Str:       It affects your strength (+7).
   Dex:       It affects your dexterity (+2).
   Contam:    It causes magical contamination when unequipped.
   Drain:     It drains your maximum health when unequipped.
 U - the +3 ring mail of Kypeobba {Dex+3}
   (You bought it in a shop on level 2 of the Orcish Mines)

   Dex:       It affects your dexterity (+3).
 Y - a +2 cloak of stealth (worn)
Jewellery
 c - a ring of ice
 A - the ring of Conversion (left hand) {Fire Dex+4 Slay+2}
   (You found it on level 5 of the Lair of Beasts)

   [ring of fire]

   It enhances your fire magic.
   Dex:       It affects your dexterity (+4).
   Slay:      It affects your accuracy & damage with ranged weapons and melee
   (+2).
   rF:        It protects you from fire.
   rC:        It makes you vulnerable to cold.
 F - the ring of Zoggotur {Fly rF+ rCorr}
   (You found it on level 10 of the Dungeon)

   [ring of flight]

   rF:        It protects you from fire.
   Fly:       It grants you flight.
   rCorr:     It protects you from acid and corrosion.
 N - a +6 ring of strength
 O - an amulet of guardian spirit (around neck)
 P - a +4 ring of slaying (right hand)
 V - the ring "Getarez" {rF+ rN+ Dex-5 Slay+3}
   (You found it on level 2 of the Snake Pit)

   [ring of positive energy]

   Dex:       It affects your dexterity (-5).
   Slay:      It affects your accuracy & damage with ranged weapons and melee
   (+3).
   rF:        It protects you from fire.
   rN:        It protects you from negative energy.
 X - a ring of willpower
Wands
 m - a wand of roots (16)
 z - a wand of light (9)
 E - a wand of digging (4)
 R - a wand of flame (13)
 W - a wand of mindburst (5)
 Z - a wand of polymorph (10)
Scrolls
 h - 4 scrolls of blinking
 k - 17 scrolls of identify
 p - 10 scrolls of teleportation
 s - a scroll of enchant weapon
 w - a scroll of magic mapping
 y - a scroll of enchant armour
 G - 2 scrolls of amnesia
 H - a scroll of silence
 M - 7 scrolls of fear
Potions
 d - 3 potions of flight {unknown}
 i - 7 potions of lignification
 n - 2 potions of degeneration
 o - a potion of magic {unknown}
 q - 5 potions of attraction
 t - 4 potions of might
 u - 2 potions of mutation
 v - 4 potions of curing
 x - 2 potions of invisibility
 C - 3 potions of berserk rage
 D - 8 potions of haste
 L - 4 potions of ambrosia
 S - 2 potions of cancellation
Miscellaneous
 l - a piece from Xom's chessboard (15/15)


   Skills:
 + Level 16.1(21.1) Fighting
 - Level 10.0(15.0) Short Blades
 - Level 3.0(8.2) Axes
 - Level 1.8(7.7) Polearms
 + Level 12.0(17.0) Ranged Weapons
 - Level 5.0(10.0) Throwing
 - Level 6.6(11.6) Armour
 + Level 12.8(17.8) Dodging
 - Level 10.2(15.2) Stealth
 - Level 3.7(8.7) Shields
 - Level 3.7(8.7) Unarmed Combat
 + Level 5.5 Spellcasting
 - Level 5.0 Translocations
 - Level 10.0 Invocations


You had 24 spell levels left.
You knew the following spells:

 Your Spells              Type           Power      Damage    Failure   Level
a - Apportation           Tloc           34%        N/A       2%          1
b - Blink                 Tloc           34%        N/A       3%          2

Your spell library contained the following spells:

 Spells                   Type           Power      Damage    Failure   Level
 Lesser Beckoning         Tloc           34%        N/A       6%          3
 Momentum Strike          Conj/Tloc      20%        3d8       9%          2
 Beastly Appendage        Tmut           6%         N/A       17%         1
 Kiss of Death            Conj/Necr      12%        2d6       17%         1
 Necrotise                Necr           12%        1d4       17%         1
 Slow                     Hex            12%        N/A       17%         1
 Portal Projectile        Hex/Tloc       20%        N/A       19%         3
 Manifold Assault         Tloc           17%        N/A       22%         4
 Cigotuvi's Dreadful Rot  Necr/Pois/Air  6%         N/A       26%         2
 Ensorcelled Hibernation  Hex/Ice        6%         N/A       26%         2
 Passwall                 Tmut/Erth      2%         N/A       26%         2
 Poisonous Vapours        Pois/Air       6%         N/A       26%         2
 Sublimation of Blood     Necr           3%         N/A       26%         2
 Wereblood                Tmut           3%         N/A       26%         2
 Confusing Touch          Hex            3%         N/A       45%         3
 Dazzling Flash           Conj/Hex       6%         N/A       45%         3
 Inner Flame              Hex/Fire       5%         N/A       45%         3
 Mephitic Cloud           Conj/Pois/Air  3%         N/A       45%         3
 Spider Form              Tmut/Pois      3%         N/A       45%         3
 Swiftness                Air            3%         N/A       45%         3
 Vampiric Draining        Necr           3%         2d6       45%         3
 Anguish                  Hex/Necr       1%         N/A       86%         4
 Dispel Undead            Necr           3%         3d7       86%         4
 Flame Wave               Conj/Fire      5%         2d5       86%         4
 Leda's Liquefaction      Hex/Erth       1%         N/A       86%         4
 Petrify                  Tmut/Erth      3%         N/A       86%         4
 Sticky Flame             Conj/Fire      5%         2d3       86%         4
 Agony                    Necr           3%         N/A       99%         5
 Alistair's Intoxication  Tmut/Pois      2%         N/A       99%         5
 Blade Hands              Tmut           1%         N/A       99%         5
 Borgnjor's Vile Clutch   Necr/Erth      1%         N/A       99%         5
 Freezing Cloud           Conj/Ice/Air   1%         6-21      99%         5
 Irradiate                Conj/Tmut      1%         3d12      99%         5
 Lee's Rapid Deconstruct  Erth           1%         3d5*      99%         5
 Metabolic Englaciation   Hex/Ice        1%         N/A       99%         5
 Silence                  Hex/Air        1%         N/A       99%         5
 Yara's Violent Unravell  Hex/Tmut       1%         3d3       99%         5
 Eringya's Noxious Bog    Tmut/Pois      1%         N/A       100%        6
 Statue Form              Tmut/Erth      2%         N/A       100%        6
 Orb of Destruction       Conj           1%         9d5       100%        7
 Ozocubu's Refrigeration  Ice            1%         4d7       100%        7
 Storm Form               Tmut/Air       1%         N/A       100%        7
 Polar Vortex             Ice            1%         N/A       100%        9
 Summon Guardian Golem    Hex/Summ       Unusable   N/A       N/A         3
 Tukima's Dance           Hex            Unusable   N/A       N/A         3
 Summon Forest            Summ/Tloc      Unusable   N/A       N/A         5
 Simulacrum               Ice/Necr       Unusable   N/A       N/A         6
 Haunt                    Necr/Summ      Unusable   N/A       N/A         7
 Spellforged Servitor     Conj/Summ      Unusable   N/A       N/A         7
 Summon Hydra             Summ           Unusable   N/A       N/A         7

Dungeon Overview and Level Annotations

Branches:
Dungeon (15/15)            Temple (1/1) D:6            Lair (5/5) D:11
 Shoals (0/4) Lair:2        Snake (4/4) Lair:2        Slime (0/5) Lair:5
    Orc (2/2) D:12            Elf (0/3) Orc:2        Vaults (0/5) D:13
 Depths (0/4) D:15          IceCv (visited)

Altars:
Ashenzari
Cheibriados
Dithmenos
Fedhas
Gozag
Hepliaklqana
Kikubaaqudgha
Makhleb
Nemelex Xobeh
Okawaru
Qazlal
Ru
Sif Muna
Trog
Uskayaw
Vehumet
Wu Jian
Xom
Yredelemnul

Shops:
D:6 *   D:9 :   D:10 *   D:11 (   D:13 [*:((   D:15 ?   Orc:2 !:[??   Snake:3 *
Snake:4 :

Annotations:
D:9 3 runed translucent doors, sleeves's ghost, novice VSFi
Lair:1 1 runed translucent door, Hiufoemo's ghost, journeyman DjWr
Snake:4 Bai Suzhen


Innate Abilities, Weirdness & Mutations

You have a moderately thin skeletal structure. (Dex +4, Stealth++)
((A demonic guardian rushes to your aid.))
A meltable icy envelope protects you from harm. (AC +8)
A meltable shield of frost defends you. (SH +4)
Your touch may inflict irresistible damage on your foes.
You have a pair of small horns on your head.


Message History

The nagaraja is lightly wounded.
You feel sick. The nagaraja completely misses you. The nagaraja constricts you.
You gain the combat prowess of a mighty hero.
You feel very sick.
The nagaraja points at you and mumbles some strange words.
You feel firmly anchored in space. The nagaraja constricts you.
The nagaraja barely misses you. The nagaraja constricts you.
You puncture the nagaraja! You headbutt the nagaraja.
The nagaraja is moderately wounded.
You feel sick. The nagaraja completely misses you. The nagaraja constricts you.
You impale the nagaraja!!
You touch the nagaraja!
The nagaraja is severely wounded.
You feel sick.
The nagaraja gestures at you while chanting.
The poison arrow misses you. The nagaraja constricts you.
You hit the nagaraja but do no damage. You headbutt the nagaraja!
Your touch misses the nagaraja.
You punch the nagaraja, but do no damage.
The nagaraja is severely wounded.
You feel sick. The nagaraja spits poison at you. The splash of poison hits you.
You are more poisoned.
* * * LOW HITPOINT WARNING * * *
The nagaraja constricts you.
* * * LOW HITPOINT WARNING * * *
The nagaraja gestures at you while chanting.
The poison arrow hits you!!
You are more poisoned.
* * * LOW HITPOINT WARNING * * *
The nagaraja constricts you.
* * * LOW HITPOINT WARNING * * *
You hit the nagaraja.
The nagaraja is poisoned.
The nagaraja is almost dead.
* * * LOW HITPOINT WARNING * * *
You feel very sick. The nagaraja casts a spell at you.
The poison arrow hits you!!
You are more poisoned.
You die...

..####..............##.###.......
...##.....######.....#..#........
...#....###....###...##..........
..##...##........##)..#..........
..#...##...)......#...#..........
..#.).#....###....##..##.........
..#...#... ##....#...#.........
..#..รท#.. ##N..#)))#..##.....
..#...#. #@..#...#..###...#
..#..)## ##...#...##..##..##
..##.))# ##....#...###..##..#
...#...### ##....##...#.##..##..
...#.....####....##...##..##..#..
...##...).......##....###..##....
..####...))....##....####..##...#
..######|....###.....#.....##...#
..#....########.....##.....##...#


You could see a nagaraja (fast, very poisoned, catching breath).

Vanquished Creatures
  Nikola (Snake:4)
  Jorgrun (D:15)
  Rupert (Lair:5)
  Gastronok (Lair:2)
  Frances (D:13)
  Roxanne (Snake:3)
  Donald (Orc:2)
  11 nagarajas (Snake:4)
  Aizul (Snake:3)
  An ironbound preserver (D:13)
  A quicksilver ooze (shapeshifter) (D:15)
  2 ettins
  Josephine (D:11)
  A great orb of eyes (D:15)
  A yaktaur captain (D:13)
  Erolcha (D:11)
  An ice dragon (D:13)
  6 hydras
  4 boulder beetles
  3 rakshasas (D:15)
  9 anacondas
  3 ogre magi (Orc:2)
  4 two-headed ogres
  A death knight (D:14)
  6 centaur warriors
  A deep troll earth mage (D:13)
  14 naga warriors
  4 death yaks (Lair:1)
  11 naga sharpshooters
  Nergalle (Orc:2)
  A shock serpent (Snake:2)
  2 orc high priests
  Urug (D:11)
  A salamander mystic (Snake:3)
  A sea snake (Snake:1)
  2 skeletal warriors (D:14)
  A sea snake (shapeshifter) (D:14)
  A flayed ghost (D:13)
  2 naga ritualists
  An obsidian statue (D:13)
  A phantasmal warrior (D:14)
  A lindwurm (Lair:5)
  2 orc knights
  2 deep elf pyromancers
  6 orc sorcerers (Orc:2)
  Pikel (D:6)
  A wolf spider (Lair:5)
  A necromancer (IceCv)
  2 oklob plants
  8 cyclopes
  6 mana vipers
  13 ugly things
  4 salamanders
  5 manticores
  35 black mambas
  7 guardian serpents
  2 ice statues
  A merfolk siren (Lair:2)
  24 elephants
  16 cane toads
  A torpor snail (Lair:5)
  15 naga magi
  3 unseen horrors
  3 rime drakes
  An efreet (D:14)
  A kobold demonologist (D:13)
  A komodo dragon (shapeshifter) (D:9)
  8 komodo dragons
  An anaconda simulacrum (IceCv)
  5 freezing wraiths
  11 ice devils (IceCv)
  5 polar bears
  A merfolk (Lair:2)
  6 trolls
  A meliai (shapeshifter) (D:13)
  4 hornets
  3 meliai (D:15)
  10 blink frogs
  Prince Ribbit (D:7)
  4 dream sheep (Lair:5)
  13 slime creatures
  A spriggan (shapeshifter) (D:15)
  2 shadows
  2 vampires
  8 wraiths
  3 dire elephant simulacra (IceCv)
  2 basilisks
  14 wyverns
  33 yaks
  Eustachio (D:6)
  2 death yak simulacra (IceCv)
  3 redbacks (Lair:5)
  4 steam dragons
  11 vampire mosquitoes
  3 harpy simulacra (IceCv)
  41 nagas
  3 wargs
  2 acid dragons
  19 water moccasins
  A sky beast (D:7)
  A black bear (D:4)
  17 orc warriors
  An ice beast (D:5)
  4 wolves
  7 ogres
  9 centaurs
  2 phantoms
  3 kobold brigands (D:9)
  9 bullfrogs
  A necrophage (D:4)
  A gnoll sergeant (D:5)
  2 scorpions (D:5)
  3 cane toad simulacra (IceCv)
  4 wights (D:9)
  5 elephant simulacra (IceCv)
  2 killer bees (D:8)
  4 electric eels
  A howler monkey (D:11)
  3 hounds
  10 orc priests
  2 jellies
  2 gnoll boudas
  5 iguanas
  Jessica (D:2)
  31 orc wizards
  A spriggan simulacrum (IceCv)
  6 polar bear simulacra (IceCv)
  4 wolf simulacra (IceCv)
  10 gnolls
  2 naga simulacra (IceCv)
  9 adders
  2 shadow imps
  6 white imps
  A dart slug (D:4)
  72 orcs
  2 bats
  2 endoplasms
  3 giant cockroaches
  7 hobgoblins
  4 quokkas
  4 ball pythons
  3 ball python skeletons (D:2)
  2 ball python zombies (D:2)
  4 frilled lizards
  A giant cockroach zombie (D:2)
  4 goblins
  A jackal skeleton (D:2)
  22 kobolds
  2 quokka zombies (D:2)
  4 rats
807 creatures vanquished.

Vanquished Creatures (collateral kills)
  Sigmund (D:2)
  Blork the orc (D:6)
  A bullfrog (D:4)
  An orc (D:5)
  A goblin (D:3)
  A kobold (D:1)
6 creatures vanquished.

Vanquished Creatures (others)
  An unseen horror (D:12)
  A water moccasin (Lair:2)
  2 orc wizards
  A bush (Lair:2)
  38 fungi
  63 plants
106 creatures vanquished.

Grand Total: 919 creatures vanquished

Notes
Turn   | Place    | Note
-------+----------+-------------------------------------------
     0 | D:1      | ryw the Demonspawn Monk began the quest for the Orb.
     0 | D:1      | Reached XP level 1. HP: 18/18 MP: 1/1
   173 | D:1      | Found a faded altar of an unknown god.
   244 | D:1      | Gained mutation: A weak demonic guardian rushes to your
                  | aid. [demonic ancestry]
   244 | D:1      | Reached XP level 2. HP: 23/24 MP: 2/2
   800 | D:2      | Reached skill level 4 in Fighting
   878 | D:2      | Noticed Jessica
   884 | D:2      | Killed Jessica
   885 | D:2      | Reached skill level 1 in Axes
   885 | D:2      | Reached XP level 3. HP: 26/30 MP: 3/3
   911 | D:2      | Noticed Sigmund
   921 | D:2      | Killed Sigmund
   922 | D:2      | Reached skill level 5 in Fighting
   922 | D:2      | Gained mutation: A meltable shield of frost defends you.
                  | (SH +4) [demonic ancestry]
   922 | D:2      | Reached XP level 4. HP: 20/39 MP: 4/4
   922 | D:2      | Gained mutation: A meltable icy envelope protects you from
                  | harm. (AC +8) [demonic ancestry]
   922 | D:2      | Reached XP level 5. HP: 23/44 MP: 5/5
  1199 | D:2      | Identified the +4 halberd of Xom, Sharing {vorpal, Str+3
                  | Int+4}
  1714 | D:3      | Found a sparkling altar of Nemelex Xobeh.
  2046 | D:3      | Found a blossoming altar of Fedhas.
  2405 | D:4      | Gained mutation: Your touch may inflict minor irresistible
                  | damage on your foes. [demonic ancestry]
  2405 | D:4      | Reached XP level 6. HP: 37/51 MP: 6/6
  2415 | D:4      | Reached skill level 1 in Armour
  2513 | D:4      | Reached skill level 1 in Polearms
  2575 | D:4      | Reached skill level 1 in Throwing
  2751 | D:4      | Gained mutation: Your touch may inflict irresistible damage
                  | on your foes. [demonic ancestry]
  2751 | D:4      | Reached XP level 7. HP: 23/57 MP: 7/7
  2880 | D:4      | Reached skill level 6 in Fighting
  3000 | D:4      | Found an ancient bone altar of Kikubaaqudgha.
  3462 | D:5      | Entered Level 5 of the Dungeon
  3709 | D:5      | Reached XP level 8. HP: 32/65 MP: 8/8
  4948 | D:6      | Reached skill level 7 in Fighting
  5153 | D:6      | Noticed Blork the orc
  5161 | D:6      | Killed Blork the orc
  5355 | D:6      | Noticed Eustachio
  5368 | D:6      | Killed Eustachio
  5450 | D:6      | Found a staircase to the Ecumenical Temple.
  5457 | Temple   | Entered the Ecumenical Temple
  5786 | D:6      | Found Emaulof's Hallowed Reliquary.
  5786 | D:6      | Noticed an angel
  5923 | D:6      | Found a stormy altar of Qazlal.
  6155 | D:6      | Noticed Pikel
  6179 | D:6      | Killed Pikel
  6180 | D:6      | Reached skill level 8 in Fighting
  6180 | D:6      | Reached skill level 5 in Throwing
  6180 | D:6      | Reached skill level 5 in Armour
  6180 | D:6      | Reached XP level 9. HP: 51/74 MP: 9/9
  6526 | D:7      | Found an iron altar of Okawaru.
  6540 | D:7      | Became a worshipper of Warmaster Okawaru
  6540 | D:7      | Reached * piety under Okawaru
  6540 | D:7      | Reached ** piety under Okawaru
  6550 | D:7      | Noticed Prince Ribbit
  6559 | D:7      | Killed Prince Ribbit
  6966 | D:7      | Upgraded the game from 0.30-a0-223-gcb0039aa0c to
                  | 0.30-a0-241-g1121274140
  7111 | D:7      | Identified the +5 spear "Lahahigos" {drain, rCorr SInv}
  7115 | D:7      | Identified the +12 dagger of Prescription {venom, rF+
                  | Dex+3}
  7133 | D:7      | Reached skill level 9 in Fighting
  7133 | D:7      | Reached skill level 1 in Short Blades
  7133 | D:7      | Reached skill level 1 in Invocations
  7272 | D:7      | Reached *** piety under Okawaru
  7977 | D:8      | Gained mutation: A demonic guardian rushes to your aid.
                  | [demonic ancestry]
  7977 | D:8      | Reached XP level 10. HP: 83/83 MP: 12/12
  8010 | D:8      | Found a hide-covered altar of Uskayaw.
  8609 | D:9      | Found Zetuigi's Book Boutique.
  8670 | D:9      | Reached **** piety under Okawaru
  8671 | D:9      | Reached skill level 5 in Invocations
  8768 | D:9      | Reached skill level 5 in Short Blades
  8768 | D:9      | Reached skill level 1 in Spellcasting
  9051 | D:9      | Found a runed translucent gate.
  9051 | D:9      | Found a runed translucent gate.
  9051 | D:9      | Found a runed translucent gate.
  9055 | D:9      | Noticed sleeves's ghost (novice VSFi)
  9205 | D:9      | Identified the +4 scale mail "Qakkom" {SInv}
  9426 | D:10     | Entered Level 10 of the Dungeon
  9445 | D:10     | Identified the ring of Zoggotur {Fly rF+ rCorr}
  9587 | D:10     | Found a shadowy altar of Dithmenos.
  9587 | D:10     | Found a bloodstained altar of Trog.
  9594 | D:10     | Found a faded altar of an unknown god.
  9596 | D:10     | Found an ornate altar of the Wu Jian Council.
  9598 | D:10     | Found a shimmering blue altar of Sif Muna.
  9714 | D:10     | Noticed a two-headed ogre
  9721 | D:10     | Killed a two-headed ogre
  9959 | D:10     | Noticed a two-headed ogre
  9973 | D:10     | Killed a two-headed ogre
  9973 | D:10     | Reached ***** piety under Okawaru
 10200 | D:10     | Found Qusaxzuph's Island Escapes.
 10236 | D:10     | Noticed a two-headed ogre
 10241 | D:10     | Killed a two-headed ogre
 10242 | D:10     | Gained mutation: You have a somewhat thin skeletal
                  | structure. (Dex +2, Stealth+) [demonic ancestry]
 10242 | D:10     | Reached XP level 11. HP: 88/89 MP: 14/14
 10361 | D:11     | Noticed a two-headed ogre
 10362 | D:11     | Noticed Urug
 10368 | D:11     | Killed a two-headed ogre
 10370 | D:11     | Killed Urug
 10371 | D:11     | Reached skill level 5 in Stealth
 10527 | D:11     | Found Cyedgh's Antique Weapon Emporium.
 10533 | D:11     | Bought an ivory arbalest for 256 gold pieces
 10533 | D:11     | Identified the +4 arbalest "Garuaril" {penet, rCorr} (You
                  | bought it in a shop on level 11 of the Dungeon)
 10626 | D:11     | Received a gift from Okawaru
 10755 | D:11     | Noticed Josephine
 10769 | D:11     | Killed Josephine
 11033 | D:11     | Found a staircase to the Lair.
 11033 | D:11     | Noticed an oklob plant
 11042 | D:11     | Killed an oklob plant
 11315 | D:11     | Learned a level 2 spell: Blink
 11317 | D:11     | Learned a level 1 spell: Apportation
 11322 | D:11     | Noticed Erolcha
 11336 | D:11     | Killed Erolcha
 11337 | D:11     | Reached skill level 10 in Fighting
 11531 | Lair:1   | Entered Level 1 of the Lair of Beasts
 11576 | Lair:1   | Reached skill level 1 in Translocations
 11612 | Lair:1   | Noticed a death yak
 11612 | Lair:1   | Noticed a death yak
 11614 | Lair:1   | Noticed a death yak
 11615 | Lair:1   | Noticed a death yak
 11634 | Lair:1   | Killed a death yak
 11634 | Lair:1   | Received a gift from Okawaru
 11651 | Lair:1   | Killed a death yak
 11651 | Lair:1   | Reached ****** piety under Okawaru
 11652 | Lair:1   | Reached skill level 1 in Ranged Weapons
 11652 | Lair:1   | Reached skill level 5 in Dodging
 11662 | Lair:1   | Killed a death yak
 11875 | Lair:1   | Killed a death yak
 11876 | Lair:1   | Reached XP level 12. HP: 65/97 MP: 15/15
 12095 | Lair:1   | Received a gift from Okawaru
 12288 | Lair:1   | Identified the +8 battleaxe "Furyq" {elec, Stlth+} (Okawaru
                  | gifted it to you on level 1 of the Lair of Beasts)
 12288 | Lair:1   | Received a gift from Okawaru
 12517 | Lair:1   | Reached skill level 10 in Short Blades
 12779 | Lair:1   | Found a runed translucent door.
 12781 | Lair:1   | Noticed Hiufoemo's ghost (journeyman DjWr)
 12803 | Lair:1   | Identified the +2 hat of the Harvest {Contam Drain Str+7
                  | Dex+2} (Okawaru gifted it to you on level 1 of the Lair of
                  | Beasts)
 12803 | Lair:1   | Received a gift from Okawaru
 13242 | Lair:2   | Found a staircase to the Snake Pit.
 13257 | Lair:2   | Reached skill level 11 in Fighting
 13763 | Lair:2   | Noticed a six-headed hydra
 13774 | Lair:2   | Killed a six-headed hydra
 14110 | Lair:2   | Found a staircase to the Shoals.
 14409 | Lair:2   | Noticed Gastronok
 14427 | Lair:2   | Killed Gastronok
 14704 | Lair:3   | Gained mutation: A meltable icy envelope protects you from
                  | harm. (AC +8) [demonic ancestry]
 14704 | Lair:3   | Reached XP level 13. HP: 106/106 MP: 16/16
 14834 | Lair:3   | Reached skill level 5 in Translocations
 14847 | Lair:3   | Reached skill level 5 in Ranged Weapons
 15825 | Lair:4   | Received a gift from Okawaru
 16252 | Lair:5   | Entered Level 5 of the Lair of Beasts
 16281 | Lair:5   | Received a gift from Okawaru
 16322 | Lair:5   | Reached skill level 12 in Fighting
 16957 | Lair:5   | Found a staircase to the Slime Pits.
 17282 | Lair:5   | Identified the +9 executioner's axe of Wics {drain, rElec
                  | rPois Str+2 SInv} (Okawaru gifted it to you on level 5 of
                  | the Lair of Beasts)
 17282 | Lair:5   | Received a gift from Okawaru
 17511 | Lair:5   | Reached XP level 14. HP: 116/116 MP: 20/20
 17651 | Lair:5   | Identified the ring of Conversion {Fire Dex+4 Slay+2}
 17725 | Lair:5   | Noticed Rupert
 17765 | Lair:5   | Killed Rupert
 18529 | Lair:5   | Received a gift from Okawaru
 19237 | D:12     | Reached skill level 13 in Fighting
 19303 | D:12     | Received a gift from Okawaru
 19413 | D:12     | Identified the +10 flail of the Head {freeze, Dex+6}
 19516 | D:12     | Reached skill level 10 in Invocations
 19808 | D:12     | Found a staircase to the Orcish Mines.
 20169 | Orc:1    | Entered Level 1 of the Orcish Mines
 20804 | Orc:1    | Gained mutation: You are clumsy. (Dex -2) [potion of
                  | mutation]
 20804 | Orc:1    | Gained mutation: Your magical capacity is low. (-10% MP)
                  | [potion of mutation]
 20805 | Orc:1    | Lost mutation: You are clumsy. (Dex -2) [potion of
                  | mutation]
 20805 | Orc:1    | Lost mutation: Your magical capacity is low. (-10% MP)
                  | [potion of mutation]
 20805 | Orc:1    | Gained mutation: You have a pair of small horns on your
                  | head. [potion of mutation]
 20807 | Orc:2    | Entered Level 2 of the Orcish Mines
 20900 | Orc:2    | Found Ituygaen's Magic Scroll Emporium.
 20949 | Orc:2    | Found a staircase to the Elven Halls.
 21262 | Orc:2    | Found Kyfahos's Magic Scroll Shop.
 21395 | Orc:2    | Found Qozotik's Distillery.
 21461 | Orc:2    | Found an ancient bone altar of Kikubaaqudgha.
 21461 | Orc:2    | Noticed Donald
 21503 | Orc:2    | Found a radiant altar of Vehumet.
 21520 | Orc:2    | Received a gift from Okawaru
 21594 | Orc:2    | Killed Donald
 21595 | Orc:2    | Noticed Nergalle
 21596 | Orc:2    | Found Xadwic's Antique Armour Shop.
 21604 | Orc:2    | Killed Nergalle
 21619 | Orc:2    | Received a gift from Okawaru
 21664 | Orc:2    | Found Emus's Book Shop.
 21769 | Orc:2    | Bought a heavy robe for 176 gold pieces
 21769 | Orc:2    | Identified the +1 robe "Gifouff" {rF+ Stlth+} (You bought
                  | it in a shop on level 2 of the Orcish Mines)
 21769 | Orc:2    | Bought a tiger eye-encrusted ring mail for 279 gold pieces
 21769 | Orc:2    | Identified the +3 ring mail of Kypeobba {Dex+3} (You bought
                  | it in a shop on level 2 of the Orcish Mines)
 22030 | D:13     | Found Ciepsusm's Antique Weapon Emporium.
 22067 | D:13     | Found Qirphuag's Book Shoppe.
 22236 | D:13     | Reached skill level 10 in Dodging
 22250 | D:13     | Found a gate to the Vaults.
 22250 | D:13     | Noticed an ironbound preserver
 22266 | D:13     | Killed an ironbound preserver
 22267 | D:13     | Gained mutation: You have a moderately thin skeletal
                  | structure. (Dex +4, Stealth++) [demonic ancestry]
 22267 | D:13     | Reached XP level 15. HP: 89/125 MP: 16/22
 22473 | D:13     | Found Bashrel's Weapon Boutique.
 22546 | D:13     | Found Suninef's General Store.
 22592 | D:13     | Found a frozen archway.
 22733 | IceCv    | Entered an ice cave
 23029 | IceCv    | Found an ancient bone altar of Kikubaaqudgha.
 23139 | IceCv    | Reached skill level 1 in Shields
 23332 | IceCv    | Reached skill level 14 in Fighting
 23520 | IceCv    | Got Comogg's Writings on the Snowflakes and Evil
 23843 | D:13     | Noticed Frances
 23854 | D:13     | Killed Frances
 24375 | D:13     | Received a gift from Okawaru
 24390 | D:13     | Found Nimp's Antique Armour Boutique.
 24396 | D:13     | Bought a translucent scale mail for 207 gold pieces
 24396 | D:13     | Identified the +3 scale mail of Orthodoxy {-Tele *Corrode
                  | +Inv Regen+} (You bought it in a shop on level 13 of the
                  | Dungeon)
 24396 | D:13     | Bought a pair of ancient boots for 218 gold pieces
 24396 | D:13     | Identified the +0 pair of boots of Ignis, Muttering {Dex+3
                  | SInv} (You bought it in a shop on level 13 of the Dungeon)
 24941 | D:13     | Got the Excursus on Putrescence and Shapeshifting
 25646 | D:14     | You fall into a shaft and drop 1 floor!
 25646 | D:15     | Entered Level 15 of the Dungeon
 26445 | D:15     | Received a gift from Okawaru
 26871 | D:15     | Reached skill level 10 in Ranged Weapons
 26895 | D:15     | Noticed Jorgrun
 26900 | D:15     | Killed Jorgrun
 26915 | D:15     | Found Cewy's Magic Scroll Shop.
 26929 | D:15     | Bought a scroll of acquirement for 728 gold pieces
 27095 | D:15     | Reached XP level 16. HP: 76/134 MP: 15/23
 27296 | D:15     | Found a staircase to the Depths.
 27531 | D:15     | Received a gift from Okawaru
 27659 | D:15     | Acquired 814 gold pieces
 27862 | Snake:1  | Entered Level 1 of the Snake Pit
 29063 | Snake:2  | Found a shadowy altar of Dithmenos.
 29110 | Snake:2  | Received a gift from Okawaru
 29145 | Snake:2  | Reached skill level 15 in Fighting
 29153 | Snake:2  | Reached skill level 10 in Stealth
 29355 | Snake:2  | Identified the ring "Getarez" {rF+ rN+ Dex-5 Slay+3}
 30206 | Snake:2  | Received a gift from Okawaru
 30363 | Snake:3  | Noticed Roxanne
 30572 | Snake:3  | Noticed Aizul
 30595 | Snake:3  | Killed Aizul
 30908 | Snake:3  | Killed Roxanne
 31158 | Snake:3  | Found Peilor's Assorted Antiques.
 31245 | Snake:3  | Received a gift from Okawaru
 31944 | Snake:4  | Entered Level 4 of the Snake Pit
 32012 | Snake:4  | Noticed Nikola
 32021 | Snake:4  | Killed Nikola
 32229 | Snake:4  | Identified the +3 ring mail "Ukusiac" {rC++} (Okawaru
                  | gifted it to you on level 4 of the Snake Pit)
 32229 | Snake:4  | Received a gift from Okawaru
 32425 | Snake:4  | Reached XP level 17. HP: 86/143 MP: 19/24
 33085 | Snake:4  | Noticed Bai Suzhen
 33162 | Snake:4  | Reached skill level 5 in Spellcasting
 33476 | Snake:4  | Found Yluzir's Tremendous Tomes.
 33604 | Snake:4  | Reached skill level 16 in Fighting
 33899 | Snake:4  | Killed from afar by a nagaraja

Illustrated notes

Levels and vault maps discovered:
D:1:      scummos_arrival_hexagon, layout_basic,
          hellmonk_ecumenical_altar_pennies_from_heaven
D:2:      layout_basic, serial_undead, serial_undead_d, serial_undead_f,
          serial_undead_d, serial_undead_d, serial_undead_a, uniq_sigmund,
          uniq_jessica
D:3:      cheibrodos_helix_gallery, layout_loops_corners,
          nemelex_spade_bored_becter, mainiacjoe_overflow_alcove_4
D:4:      layout_basic, kiku_gazebo_garden_becter, nicolae_titane
D:5:      layout_basic, minmay_bent
D:6:      wad_crossroads, layout_basic, lemuel_round_altar,
          minmay_temple_entry_ruins, nicolae_good_shop, uniq_pikel,
          uniq_blork_the_orc, uniq_eustachio
D:7:      layout_gridville, lemuel_doored_altar, enter_bailey_2,
          corexii_leaking_fountain, uniq_prince_ribbit1
D:8:      minmay_evil_eye, layout_basic, mainiacjoe_overflow_alcove_1
D:9:      layout_roguey, serial_shops, shop_fountains,
          biasface_ghost_orc_armoury, chequers_serial_rivers_micro_e
D:10:     layout_roguey, chequers_temple_overflow_minitemple,
          nicolae_island_escapes
D:11:     layout_long_grid, dpeg_oklobed_lair, serial_shops, shop, uniq_urug,
          uniq_erolcha, uniq_josephine
D:12:     layout_basic, erik_orc_2
D:13:     minmay_separated_statues, layout_long_grid,
          skrybe_vaults_entry_preservation, serial_shops,
          nicolae_shop_temple_entry_statues_fountains,
          nicolae_shop_bloodbath_and_beyond, nicolae_shop_statue_plus,
          nicolae_shop_overgrown_old_shop, nicolae_shop_waterfront,
          portal_ice_cave_entry_animals_and_master, minmay_diamond_spiral,
          uniq_frances
D:14:     layout_irregular_city
D:15:     gammafunk_enter_depths_forms, layout_irregular_city, serial_shops,
          shop, minivault_25, uniq_jorgrun
Temple:   minmay_temple_bridge_abc
Lair:1:   layout_regular_city, hellmonk_ghost_happy_afterlife,
          chequers_serial_rivers_large_a
Lair:2:   layout_misc_corridors, elwin_shoals_entry_rooms,
          minmay_snake_entry_spellcaster, serial_rivers,
          chequers_serial_rivers_micro_d, chequers_serial_rivers_small_3,
          chequers_serial_rivers_micro_e, chequers_serial_rivers_micro_c,
          chequers_serial_rivers_small_3, serial_bayou_lagoon_a,
          grunt_forest_stairs_basic, uniq_gastronok
Lair:3:   layout_big_grid, minmay_stone_trees_medium
Lair:4:   layout_gridlike
Lair:5:   hangedman_lair_tendril_chambers, layout_cave_pods,
          dpeg_slime_entry_enclosed, uniq_rupert
Snake:1:  layout_grid_maze, special_room, nicolae_snake_double_loop,
          nicolae_snake_gridmaze_big_u, serial_bayou_shore_a
Snake:2:  layout_honeycomb, basic_altar, nicolae_snake_gridmaze_entwining
Snake:3:  layout_rooms, serial_shops, shop, grunt_megastairs_2, uniq_roxanne,
          uniq_aizul
Snake:4:  grunt_snake_rune_spirals, layout_onion, nicolae_shop_i_like_big_books,
          chequers_hall_statues_y, uniq_bai_suzhen, uniq_nikola
Orc:1:    layout_caves, kennysheep_orc_chapel
Orc:2:    kennysheep_orc_mage_school, layout_diamond_mine, serial_shops, shop,
          uniq_donald

Skill      XL: |  1  2  3  4  5  6  7  8  9 10 11 12 13 14 15 16 17 |
---------------+----------------------------------------------------+-----
Fighting       | 4 5 6 8 9 10 11 12 13 14 15 16 | 16.1
Axes           | 1 2 3 |  3.0
Armour         | 1 3 5 6 |  6.6
Polearms       | 1 |  1.8
Throwing       | 1 3 5 |  5.0
Unarmed Combat | 3 |  3.7
Short Blades   | 3 7 9 10 | 10.0
Invocations    | 3 5 8 10 | 10.0
Stealth        | 4 5 7 9 10 | 10.2
Spellcasting   | 2 4 5 |  5.5
Dodging        | 3 5 6 8 10 11 12 | 12.8
Translocations | 2 4 5 |  5.0
Ranged Weapons | 1 4 7 8 10 11 12 | 12.0
Shields        | 3 |  3.7

Action                   |  1- 3 |  4- 6 |  7- 9 | 10-12 | 13-15 | 16-18 || total
-------------------------+-------+-------+-------+-------+-------+-------++-------
Melee: Unarmed           |    84 |       |    54 |       |       |       ||   138
       War axe           |    35 |    12 |    84 |       |       |       ||   131
       Punch             |     4 |       |     5 |    20 |    53 |    18 ||   100
       Halberd           |       |    87 |       |       |       |       ||    87
       Touch             |       |       |    64 |   119 |   319 |   126 ||   628
       Scimitar          |       |       |   123 |       |       |       ||   123
       Dagger            |       |       |    39 |   449 |  1375 |   506 ||  2369
       Headbutt          |       |       |       |       |   199 |   172 ||   371
 Fire: Arbalest          |       |       |       |    71 |   295 |   152 ||   518
Invok: Heroism           |       |       |     2 |       |     6 |     3 ||    11
       Finesse           |       |       |       |       |     4 |       ||     4
  Use: Potion            |     1 |       |     4 |       |     4 |     4 ||    13
       Scroll            |       |       |    19 |     7 |     2 |     4 ||    32
 Stab: Sleeping          |       |       |       |     5 |    31 |    23 ||    59
       Distracted        |       |       |       |       |     5 |     3 ||     8
Armor: Robe              |    20 |       |       |       |    49 |       ||    69
       Scale mail        |    13 |    47 |   151 |       |       |       ||   211
       Steam dragon scal |       |       |    10 |   109 |   309 |    46 ||   474
Dodge: Dodged            |    94 |    47 |   131 |   183 |   981 |   410 ||  1846
Block: Other             |       |    19 |    48 |    37 |   163 |    62 ||   329
       Buckler           |       |       |       |       |    48 |       ||    48

Table legend: (Time is in decaauts)
 A = Elapsed time spent in this place.
 B = Non-inter-level travel time spent in this place.
 C = Inter-level travel time spent in this place.
 D = Time resting spent in this place.
 E = Time spent auto-exploring this place.
 F = Levels seen in this place.
 G = Mean time per level.
                   A        B        C        D        E       F      G
               +--------+--------+--------+--------+--------+-----+--------+
         Total |  33074 |  31938 |   1136 |   5856 |  19605 |  28 | 1181.2 |
       Dungeon |  17584 |  16979 |    605 |   2781 |  10942 |  15 | 1172.3 |
        Temple |    208 |    186 |     22 |      0 |    157 |   1 |  208.0 |
          Lair |   6907 |   6560 |    347 |    810 |   4469 |   5 | 1381.4 |
     Snake Pit |   5847 |   5763 |     84 |   1955 |   2706 |   4 | 1461.8 |
  Orcish Mines |   1565 |   1487 |     78 |     11 |    972 |   2 |  782.5 |
      Ice Cave |    961 |    961 |      0 |    298 |    359 |   1 |  961.0 |
               +--------+--------+--------+--------+--------+-----+--------+

Top non-repeatable levels by time:
  Lair:5: 2299 daAuts
 Snake:4: 1902 daAuts
    D:13: 1869 daAuts
    D:15: 1638 daAuts
 Snake:2: 1624 daAuts
  Lair:1: 1494 daAuts
    D:11: 1461 daAuts
  Lair:2: 1459 daAuts
     D:4: 1406 daAuts
    D:12: 1376 daAuts
     D:6: 1348 daAuts
 Snake:3: 1193 daAuts
     D:5: 1168 daAuts
     D:7: 1154 daAuts
 Snake:1: 1126 daAuts
